PUBAA
ST. CLOUD ROX @ BASS LAKE BASS
05/09/1972
 
TOP OF THE 1ST
St. Cloud Rox batting - Pitching for Bass Lake Bass : RHP Zhong-qi Si
Pitching: RHP Zhong-qi Si
Batting: RHB Esteban Mendoza 0-0: Called Strike
0-1: Ball
1-1: Ball
2-1: Swinging Strike
2-2: Ball
3-2: Base on Balls
Batting: RHB Fred Stanley 0-0: Ground out 6-3 (Groundball, 6M, EV 82.5 MPH)
Esteban Mendoza to second
Batting: LHB Bob Elliott 0-0: Called Strike
0-1: Ball
1-1: Foul Ball, location: 7LSF
1-2: Strikes out swinging
Batting: RHB Michael Martin 0-0: Foul Ball, location: 9LSF
0-1: SINGLE (Groundball, 56S, EV 70.6 MPH) (infield hit)
Esteban Mendoza to third
Batting: LHB Scott Trent 0-0: Called Strike
0-1: Ball
1-1: Ball
2-1: SINGLE (Groundball, 56D, EV 97.5 MPH)
Esteban Mendoza scores
Michael Martin to second
Batting: RHB Matt Reece 0-0: Called Strike
0-1: Swinging Strike
0-2: Ball
1-2: SINGLE (Groundball, 34S, EV 73.8 MPH) (infield hit)
Michael Martin to third
Scott Trent to second
Batting: LHB Ryan Howell 0-0: DOUBLE (Line Drive, 9LS, EV 95.0 MPH)
Michael Martin scores
Scott Trent scores
Matt Reece to third
Batting: RHB Don Stokes 0-0: Called Strike
0-1: Ground out 5-3 (Groundball, 56, EV 86.3 MPH)
Top of the 1st over - 3 runs, 4 hits, 0 errors, 2 left on base; St. Cloud 3 - Bass Lake 0
BOTTOM OF THE 1ST
Bass Lake Bass batting - Pitching for St. Cloud Rox : RHP Walter Fox
Pitching: RHP Walter Fox
Batting: RHB Johnny Myers 0-0: Ball
1-0: Ball
2-0: Ball
3-0: Called Strike
3-1: Foul Ball, location: 5F
3-2: SINGLE (Flyball, 56D, EV 93.1 MPH)
Batting: RHB Ánibal Villegas 0-0: Ball
Johnny Myers steals 2nd base
1-0: Called Strike
1-1: SINGLE (Line Drive, 8RS, EV 110.6 MPH)
Johnny Myers to third
Batting: RHB Jack Monroe 0-0: Fly out, F9 (Flyball, 89D, EV 85.0 MPH)
Runner from 3rd tags up, SCORES, throw by RF
Batting: SHB Franklin Barton 0-0: Ball
1-0: Swinging Strike
1-1: Swinging Strike
1-2: Ball
2-2: Ball
3-2: Strikes out swinging
Ánibal Villegas is caught stealing 2nd base 2-6
Batter strikes out.
Bottom of the 1st over - 1 run, 2 hits, 0 errors, 0 left on base; St. Cloud 3 - Bass Lake 1
TOP OF THE 2ND
St. Cloud Rox batting - Pitching for Bass Lake Bass : RHP Zhong-qi Si
Batting: LHB Kevin Collins 0-0: Ball
1-0: Foul Ball, location: 7LMFF
1-1: Called Strike
1-2: Ball
2-2: Ground out 4-3 (Groundball, 4, EV 108.1 MPH)
Batting: RHB Esteban Mendoza 0-0: Called Strike
0-1: SINGLE (Line Drive, 6D, EV 103.1 MPH)
Batting: RHB Fred Stanley 0-0: Called Strike
0-1: Ball
1-1: Ball
2-1: Ball
3-1: Fielders Choice at 2nd, 2-6 (Groundball, 13S, EV 63.1 MPH)
Batting: LHB Bob Elliott 0-0: Ball
1-0: Ball
2-0: Called Strike
2-1: Ball
3-1: Foul Ball, location: 2F
3-2: Fly out, F6 (Popup, 6D, EV 67.5 MPH)
Top of the 2nd over - 0 runs, 1 hit, 0 errors, 1 left on base; St. Cloud 3 - Bass Lake 1
BOTTOM OF THE 2ND
Bass Lake Bass batting - Pitching for St. Cloud Rox : RHP Walter Fox
Batting: RHB Glenn Byrd 0-0: Ball
1-0: Ball
2-0: SOLO HOME RUN (Flyball, 78XD, EV 102.5 MPH), Distance : 408 ft
Batting: SHB Aaron Johnson 0-0: Ball
1-0: Ground out U3 (Groundball, 3L, EV 86.9 MPH)
Batting: RHB Kahu Awoonga 0-0: Foul Ball, location: 7LDF
0-1: Ball
1-1: Swinging Strike
1-2: Strikes out swinging
Batting: RHB Joe Smith 0-0: Swinging Strike
0-1: Called Strike
0-2: Ball
1-2: Ball
2-2: Ground out 4-3 (Groundball, 4, EV 98.8 MPH)
Bottom of the 2nd over - 1 run, 1 hit, 0 errors, 0 left on base; St. Cloud 3 - Bass Lake 2
TOP OF THE 3RD
St. Cloud Rox batting - Pitching for Bass Lake Bass : RHP Zhong-qi Si
Batting: RHB Michael Martin 0-0: Ball
1-0: Called Strike
1-1: Ball
2-1: Ball
3-1: SINGLE (Line Drive, 9S, EV 88.8 MPH)
Batting: LHB Scott Trent 0-0: Ball
1-0: Ball
2-0: Ball
3-0: Called Strike
3-1: Called Strike
3-2: Base on Balls
Michael Martin to second
Batting: RHB Matt Reece 0-0: Ball
1-0: Foul Ball, location: 2F
1-1: Bunted foul
1-2: Strikes out looking
Batting: LHB Ryan Howell 0-0: Ball
1-0: Fielders Choice at 2nd, 3-6 (Groundball, 34, EV 108.8 MPH)
Michael Martin to third
Batting: RHB Don Stokes 0-0: Ball
1-0: Called Strike
1-1: Ball
2-1: Ball
3-1: Base on Balls
Ryan Howell to second
Batting: LHB Kevin Collins 0-0: Ground out 4-3 (Groundball, 34D, EV 77.5 MPH)
Top of the 3rd over - 0 runs, 1 hit, 0 errors, 3 left on base; St. Cloud 3 - Bass Lake 2
BOTTOM OF THE 3RD
Bass Lake Bass batting - Pitching for St. Cloud Rox : RHP Walter Fox
Batting: RHB George Blenkinson 0-0: SINGLE (Line Drive, 89M, EV 88.8 MPH)
Batting: RHB Johnny Myers 0-0: Ball
1-0: Ground out 6-3 (Groundball, P, EV 91.9 MPH)
George Blenkinson to second
Batting: RHB Ánibal Villegas 0-0: Fly out, F9 (Line Drive, 9LS, EV 93.8 MPH)
Batting: RHB Jack Monroe 0-0: Ball
1-0: Foul Ball, location: 2F
1-1: Ball
Wild Pitch!
George Blenkinson to third
2-1: Ball
3-1: SINGLE (Groundball, 6D, EV 105.0 MPH)
George Blenkinson scores
Batting: SHB Franklin Barton 0-0: Ball
1-0: 2-RUN HOME RUN (Flyball, 7LD, EV 99.4 MPH), Distance : 361 ft
Batting: RHB Glenn Byrd 0-0: Called Strike
0-1: Called Strike
0-2: Ball
1-2: Ball
2-2: Fly out, F9 (Flyball, 9LD, EV 100.0 MPH)
Bottom of the 3rd over - 3 runs, 3 hits, 0 errors, 0 left on base; St. Cloud 3 - Bass Lake 5
TOP OF THE 4TH
St. Cloud Rox batting - Pitching for Bass Lake Bass : RHP Zhong-qi Si
Batting: RHB Esteban Mendoza 0-0: Foul Ball, location: 2F
0-1: Swinging Strike
0-2: Foul Ball, location: 9LDF
0-2: Ground out U3 (Groundball, 3, EV 102.5 MPH)
Batting: RHB Fred Stanley 0-0: Foul Ball, location: 9LSF
0-1: Ball
1-1: Ball
2-1: Foul Ball, location: 2F
2-2: Strikes out swinging
Batting: LHB Bob Elliott 0-0: Called Strike
0-1: Ball
1-1: Ball
2-1: Foul Ball, location: 2F
2-2: Ball
3-2: Foul Ball, location: 9LMF
3-2: Base on Balls
Batting: RHB Michael Martin 0-0: Called Strike
0-1: Called Strike
0-2: Foul Ball, location: 7LSF
0-2: Foul Ball, location: 2F
0-2: Strikes out swinging
Top of the 4th over - 0 runs, 0 hits, 0 errors, 1 left on base; St. Cloud 3 - Bass Lake 5
BOTTOM OF THE 4TH
Bass Lake Bass batting - Pitching for St. Cloud Rox : RHP Walter Fox
Batting: SHB Aaron Johnson 0-0: Ball
1-0: Called Strike
1-1: Foul Ball, location: 2F
1-2: Ground out 4-3 (Groundball, 4, EV 110.6 MPH)
Batting: RHB Kahu Awoonga 0-0: Ball
1-0: Foul Ball, location: 9LMF
1-1: Ground out 4-3 (Groundball, 4, EV 80.0 MPH)
Batting: RHB Joe Smith 0-0: Foul Ball, location: 23FF
0-1: Ball
1-1: Ball
2-1: Ball
3-1: Swinging Strike
3-2: DOUBLE (Line Drive, 3D, EV 98.1 MPH) - OUT at third base trying to stretch hit.
Bottom of the 4th over - 0 runs, 1 hit, 0 errors, 0 left on base; St. Cloud 3 - Bass Lake 5
TOP OF THE 5TH
St. Cloud Rox batting - Pitching for Bass Lake Bass : RHP Zhong-qi Si
Batting: LHB Scott Trent 0-0: Ball
1-0: Foul Ball, location: 3F
1-1: Foul Ball, location: 2F
1-2: Strikes out swinging
Batting: RHB Matt Reece 0-0: Foul Ball, location: 2F
0-1: Ball
1-1: Foul Ball, location: 23FF
1-2: Ball
2-2: SINGLE (Line Drive, 89S, EV 94.4 MPH)
Batting: LHB Ryan Howell 0-0: Ball
1-0: Foul Ball, location: 9LSF
1-1: Swinging Strike
1-2: Ball
2-2: Ball
3-2: Strikes out looking
Batting: RHB Don Stokes 0-0: Ball
1-0: SINGLE (Groundball, 56S, EV 62.5 MPH) (infield hit)
Matt Reece to second
Batting: LHB Kevin Collins 0-0: Ball
1-0: Foul Ball, location: 9LMFF
1-1: Foul Ball, location: 9LMFF
1-2: Ball
2-2: Ball
3-2: Strikes out swinging
Top of the 5th over - 0 runs, 2 hits, 0 errors, 2 left on base; St. Cloud 3 - Bass Lake 5
BOTTOM OF THE 5TH
Bass Lake Bass batting - Pitching for St. Cloud Rox : RHP Walter Fox
Batting: RHB George Blenkinson 0-0: Ball
1-0: Swinging Strike
1-1: Foul Ball, location: 5FF
1-2: SINGLE (Flyball, 78S, EV 91.3 MPH)
Batting: RHB Johnny Myers 0-0: Ball
1-0: Bunted foul
1-1: Sac Bunt to 23 - play at second, runner OUT! 3-6
Batting: RHB Ánibal Villegas 0-0: Ball
Johnny Myers steals 2nd base
1-0: Ground out 5-3 (Groundball, 5, EV 83.1 MPH)
Johnny Myers to third
Batting: RHB Jack Monroe 0-0: Called Strike
0-1: Ball
1-1: Called Strike
1-2: Ball
2-2: SINGLE (Groundball, 34D, EV 97.5 MPH)
Johnny Myers scores
Pitching: RHP Kendrick Stokes
Batting: SHB Franklin Barton 0-0: Called Strike
0-1: Ball
1-1: Ball
2-1: Ball
3-1: Foul Ball, location: 25F
3-2: Ground out U3 (Groundball, 3, EV 83.1 MPH)
Bottom of the 5th over - 1 run, 2 hits, 0 errors, 1 left on base; St. Cloud 3 - Bass Lake 6
TOP OF THE 6TH
St. Cloud Rox batting - Pitching for Bass Lake Bass : RHP Zhong-qi Si
Batting: RHB Esteban Mendoza 0-0: Called Strike
0-1: Swinging Strike
0-2: Foul Ball, location: 2F
0-2: Ball
1-2: Ball
2-2: DOUBLE (Flyball, 78D, EV 111.3 MPH)
Batting: RHB Fred Stanley 0-0: Ball
1-0: Ball
2-0: Called Strike
2-1: Swinging Strike
2-2: Strikes out swinging
Batting: LHB Bob Elliott 0-0: Ball
1-0: Ball
2-0: Called Strike
2-1: Ball
3-1: Fly out, F8 (Flyball, 78D, EV 84.4 MPH)
Batting: RHB Michael Martin 0-0: Ball
1-0: Swinging Strike
1-1: Called Strike
1-2: Ball
2-2: Ball
3-2: Base on Balls
Pitching: LHP Jeremy Bailey
Batting: LHB Scott Trent 0-0: Reached on error, E3 (Groundball, 3L, EV 85.6 MPH)
Esteban Mendoza to third
Michael Martin to second
Batting: RHB Matt Reece 0-0: Called Strike
0-1: Foul Ball, location: 3FF
0-2: Ball
1-2: Foul Ball, location: 5FF
1-2: SINGLE (Line Drive, 56, EV 97.5 MPH)
Esteban Mendoza scores
Michael Martin to third
Scott Trent to second
Runner from 3rd tries for Home, throw by LF and OUT! 7-2
Top of the 6th over - 1 run, 2 hits, 1 error, 2 left on base; St. Cloud 4 - Bass Lake 6
BOTTOM OF THE 6TH
Bass Lake Bass batting - Pitching for St. Cloud Rox : RHP Kendrick Stokes
Batting: RHB Glenn Byrd 0-0: Ball
1-0: Called Strike
1-1: Ball
2-1: Foul Ball, location: 3F
2-2: SINGLE (Line Drive, 3D, EV 95.0 MPH)
Batting: SHB Aaron Johnson 0-0: Called Strike
0-1: Called Strike
0-2: Ball
1-2: Ball
2-2: SINGLE (Groundball, 34, EV 79.4 MPH)
Glenn Byrd to second
Batting: RHB Kahu Awoonga 0-0: Ball
1-0: Sac Bunt to 5S - play at third, runner OUT! 5-6
Aaron Johnson to second
Batting: RHB Joe Smith 0-0: Foul Ball, location: 3DF
0-1: Ball
1-1: Ball
2-1: Grounds into double play, 3-6-3 (Groundball, 13, EV 89.4 MPH)
Bottom of the 6th over - 0 runs, 2 hits, 0 errors, 1 left on base; St. Cloud 4 - Bass Lake 6
TOP OF THE 7TH
St. Cloud Rox batting - Pitching for Bass Lake Bass : LHP Jeremy Bailey
Batting: LHB Ryan Howell 0-0: Ball
1-0: SINGLE (Groundball, 6MD, EV 103.8 MPH)
Batting: RHB Don Stokes 0-0: Foul Ball, location: 2F
0-1: Ball
1-1: Called Strike
1-2: Foul Ball, location: 9LSF
1-2: Foul Ball, location: 9LMF
1-2: Ball
2-2: Ball
3-2: Foul Ball, location: 2F
3-2: Grounds into double play, 5-4-3 (Groundball, 5, EV 85.6 MPH)
Pinch Hitting: RHB Dan Floyd 0-0: Ball
1-0: Called Strike
1-1: Called Strike
1-2: Ball
2-2: SINGLE (Line Drive, 56D, EV 103.1 MPH)
Batting: RHB Esteban Mendoza 0-0: Ball
1-0: Ball
2-0: Swinging Strike
2-1: Ball
3-1: Called Strike
3-2: Foul Ball, location: 2F
3-2: Strikes out swinging
Top of the 7th over - 0 runs, 2 hits, 0 errors, 1 left on base; St. Cloud 4 - Bass Lake 6
BOTTOM OF THE 7TH
Bass Lake Bass batting - Pitching for St. Cloud Rox : RHP Kendrick Stokes
Now at 3B: Kyle Warren
Batting: RHB George Blenkinson 0-0: Called Strike
0-1: Called Strike
0-2: Strikes out swinging
Batting: RHB Johnny Myers 0-0: Called Strike
0-1: Ball
1-1: Swinging Strike
1-2: Strikes out swinging
Batting: RHB Ánibal Villegas 0-0: Ball
1-0: Ball
2-0: Ball
3-0: Base on Balls
Batting: RHB Jack Monroe 0-0: Called Strike
0-1: Ball
1-1: Ball
2-1: Foul Ball, location: 9LDF
2-2: Ball
3-2: Base on Balls
Ánibal Villegas to second
Batting: SHB Franklin Barton 0-0: Ball
1-0: Foul Ball, location: 2F
1-1: Ball
2-1: Foul Ball, location: 23FF
2-2: Foul Ball, location: 2F
2-2: Fielders Choice at 2nd, 6-4 (Groundball, 6, EV 86.3 MPH)
Bottom of the 7th over - 0 runs, 0 hits, 0 errors, 2 left on base; St. Cloud 4 - Bass Lake 6
TOP OF THE 8TH
St. Cloud Rox batting - Pitching for Bass Lake Bass : LHP Jeremy Bailey
Pitching: LHP Randy Ferguson
Batting: RHB Fred Stanley 0-0: Ball
1-0: Called Strike
1-1: Foul Ball, location: 3F
1-2: Strikes out swinging
Batting: LHB Bob Elliott 0-0: Foul Ball, location: 2F
0-1: Ball
1-1: Foul Ball, location: 2RF
1-2: Foul Ball, location: 2F
1-2: Ball
2-2: Ball
3-2: Foul Ball, location: 2F
3-2: Foul Ball, location: 2F
3-2: Base on Balls
Batting: RHB Michael Martin 0-0: Ball
1-0: DOUBLE (Line Drive, 9LM, EV 102.5 MPH)
Bob Elliott to third
Batting: RHB António García 0-0: Ball
1-0: Called Strike
1-1: Foul Ball, location: 23F
1-2: Fly out, F9 (Flyball, 89S, EV 85.6 MPH)
Batting: RHB Matt Reece 0-0: Swinging Strike
0-1: Foul Ball, location: 9LDF
0-2: Ball
1-2: Ball
2-2: Ball
3-2: Foul Ball, location: 9LMF
3-2: Base on Balls
Batting: LHB Ryan Howell 0-0: Called Strike
0-1: Swinging Strike
0-2: Fly out, F8 (Line Drive, 78M, EV 84.4 MPH)
Top of the 8th over - 0 runs, 1 hit, 0 errors, 3 left on base; St. Cloud 4 - Bass Lake 6
BOTTOM OF THE 8TH
Bass Lake Bass batting - Pitching for St. Cloud Rox : RHP Kendrick Stokes
Batting: RHB Glenn Byrd 0-0: Foul Ball, location: 3FF
0-1: Swinging Strike
0-2: Hit by Pitch
Pitching: LHP Jim Strickland
Batting: SHB Aaron Johnson 0-0: Ball
1-0: Ball
2-0: Swinging Strike
2-1: Ball
Glenn Byrd is caught stealing 2nd base 2-4
3-1: Base on Balls
Batting: RHB Kahu Awoonga 0-0: Ball
1-0: Foul Ball, location: 2F
1-1: Ball
2-1: SINGLE (Line Drive, 78S, EV 99.4 MPH)
Aaron Johnson to second
Batting: RHB Joe Smith 0-0: Ball
1-0: Ball
2-0: Ball
3-0: Called Strike
3-1: Fly out, F7 (Flyball, 78S, EV 75.0 MPH)
Batting: RHB George Blenkinson 0-0: SINGLE (Line Drive, 4M, EV 98.8 MPH)
Aaron Johnson to third
Kahu Awoonga to second
Runner from 3rd tries for Home, SAFE, throw by CF to home
Batting: RHB Johnny Myers 0-0: Ball
1-0: Swinging Strike
1-1: Fly out, F9 (Flyball, 9S, EV 86.9 MPH)
Bottom of the 8th over - 1 run, 2 hits, 0 errors, 2 left on base; St. Cloud 4 - Bass Lake 7
TOP OF THE 9TH
St. Cloud Rox batting - Pitching for Bass Lake Bass : LHP Randy Ferguson
Batting: RHB Don Stokes 0-0: Ball
1-0: Called Strike
1-1: Foul Ball, location: 9LMF
1-2: Strikes out swinging
Batting: RHB Kyle Warren 0-0: Ball
1-0: Foul Ball, location: 25F
1-1: Ball
2-1: Foul Ball, location: 9LSF
2-2: Foul Ball, location: 2F
2-2: Ball
3-2: Fly out, F7 (Flyball, 7, EV 100.6 MPH)
Batting: RHB Esteban Mendoza 0-0: Ball
1-0: Ball
2-0: Ball
3-0: Called Strike
3-1: Called Strike
3-2: Strikes out swinging
Top of the 9th over - 0 runs, 0 hits, 0 errors, 0 left on base; St. Cloud 4 - Bass Lake 7
Thursday, March 7th , 2024 - OOTP Baseball 24.8 Build 75